 Dungeon Crawl Stone Soup version 0.26-a0-665-gefeb406119 (console) character file.

Game seed: 9508001241695956835

14602 om the Basher (level 11, -5/102 HPs)
             Began as a Troll Monk on Oct 13, 2020.
             Was an Initiate of Gozag.
             Slain by a boulder beetle (26 damage)
             ... on level 11 of the Dungeon.
             The game lasted 00:24:07 (12180 turns).

om the Basher (Troll Monk)                         Turns: 12180, Time: 00:24:07

Health: -5/102     AC: 13    Str: 26    XL:     11   Next: 90%
Magic:  10/10      EV: 13    Int: 10    God:    Gozag
Gold:   1489       SH: 11    Dex: 17    Spells: 10/10 levels left

rFire    . . .     SeeInvis .   a - +6 whip {flame, Int+4 Dex+4 Stlth+}
rCold    . . .     Faith    .   x - +0 kite shield
rNeg     + . .     Spirit   .   n - +0 steam dragon scales
rPois    .         Reflect  .   t - +2 hat
rElec    .         Harm     .   I - +0 cloak (curse)
rCorr    .         Rampage  .   (gloves unavailable)
MR       .....                  (boots unavailable)
Stlth    +++.......             (no amulet)
HPRegen  0.67/turn              L - ring "Dyux" {+Fly Str+3}
MPRegen  0.12/turn              K - ring of positive energy

@: mighty, studying Maces & Flails
A: large, unfitting armour, claws 3, regeneration 1, shaggy fur 1, tough skin 3
a: Potion Petition, Call Merchant, Bribe Branch, Renounce Religion, Evoke Flight


You were on level 11 of the Dungeon.
You worshipped Gozag.
Gozag was most pleased with you.
You visited 1 branch of the dungeon, and saw 12 of its levels.

You collected 2499 gold pieces.
You spent 417 gold pieces at shops.
You paid 593 gold pieces to Gozag.

Inventory:

Hand Weapons
 a - the +6 whip "Worm's Wrath" (weapon) {flame, Int+4 Dex+4 Stlth+}
   (You found it on level 7 of the Dungeon)

   It has been specially enchanted to burn those struck by it, causing extra
   injury to most foes and up to half again as much damage against particularly
   susceptible opponents.
   It affects your intelligence (+4).
   It affects your dexterity (+4).
   It makes you more stealthy.
Missiles
 o - 19 boomerangs (quivered)
 r - 3 large rocks
 s - 6 poisoned darts
Armour
 n - +0 steam dragon scales (worn)
 t - a +2 hat (worn)
 x - a +0 kite shield (worn)
 C - a +0 robe
 I - a cursed +0 cloak (worn)
Jewellery
 d - a +6 ring of dexterity
 u - an uncursed ring of flight
 K - a ring of positive energy (right claw)
 L - the ring "Dyux" (left claw) {+Fly Str+3}
   (You found it on level 12 of the Dungeon)

   [ring of flight]

   It affects your strength (+3).
   It lets you fly.
Wands
 p - a wand of acid (1)
 v - a wand of flame (23)
 y - a wand of paralysis (22)
Scrolls
 b - a scroll of blinking
 c - 3 scrolls of fog
 f - a scroll of holy word {unknown}
 g - 6 scrolls of amnesia
 h - 9 scrolls of remove curse
 j - 5 scrolls of enchant weapon
 l - 3 scrolls of teleportation
 q - a scroll of magic mapping {unknown}
 w - a scroll of enchant armour
 B - 2 scrolls of fear
 G - a scroll of random uselessness {unknown}
 M - a scroll of noise {unknown}
Potions
 e - a potion of haste
 i - 2 potions of flight
 k - 2 potions of resistance
 m - 3 potions of heal wounds
 A - 2 potions of might
 D - 3 potions of lignification
 E - a potion of cancellation
 F - a potion of stabbing
 H - a potion of brilliance {unknown}
 J - 3 potions of curing
Books
 z - a manual of Maces & Flails


   Skills:
 - Level 5.1 Fighting
 - Level 12.0 Maces & Flails
 - Level 6.0 Throwing
 * Level 5.4 Armour
 - Level 6.6 Dodging
 - Level 2.0 Stealth
 - Level 6.0 Shields
 - Level 6.0 Unarmed Combat
 * Level 3.5 Evocations


You had 10 spell levels left.
You didn't know any spells.
Your spell library contained the following spells:

 Spells                   Type           Power        Failure   Level
 Animate Skeleton         Necr           #.....       58%         1
 Pain                     Necr           #...         58%         1
 Ignite Poison            Fire/Tmut/Pois #.......     91%         3
 Vampiric Draining        Necr           #.........   91%         3
 Animate Dead             Necr           #.........   100%        4
 Agony                    Necr           #.......     100%        5
 Fireball                 Conj/Fire      #.........   100%        5
 Starburst                Conj/Fire      #.........   100%        6
 Ignition                 Fire           #.........   100%        8


Dungeon Overview and Level Annotations

Branches:
Dungeon (12/15)            Temple (0/1) D:5            Lair (0/6) D:9
    Orc (0/2) D:12

Altars:
Ashenzari
Dithmenos
Gozag
Hepliaklqana
Makhleb
Nemelex Xobeh
Okawaru
Sif Muna
Uskayaw
Vehumet
Wu Jian
Xom
Yredelemnul

Shops:
D:9 !   D:10 !   D:11 (

Annotations:
D:7 2 transporters, frankcastle's ghost, novice FoFi


Innate Abilities, Weirdness & Mutations

You are too large for most types of armour.
You have claws for hands.
Your natural rate of healing is unusually fast.
You are covered in fur. (AC +1)
You have extremely tough skin. (AC +3)


Message History

The boulder beetle stops rolling and uncurls.
There is a stone staircase leading up here.
You climb upwards.
There is a stone staircase leading down here.
You feel very mighty all of a sudden. The boulder beetle bites you!
You hit the boulder beetle. You burn the boulder beetle.
The boulder beetle is severely wounded.
The boulder beetle blinks!
The boulder beetle curls into a ball and begins rolling!
The boulder beetle hits you!!
* * * LOW HITPOINT WARNING * * *
The boulder beetle stops rolling and uncurls.
You hit the boulder beetle. You burn the boulder beetle.
The boulder beetle is severely wounded.
You whack the boulder beetle! You burn the boulder beetle.
The boulder beetle is almost dead.
The boulder beetle bites you!!
You die...
Your body crumbles into a pile of gold.

###......(.............# #.....
.......................# #.....
................#......# #.....
###############.#.###### #..... #
#.#.#### #..... # #......# #.....
# #.∩.##.# #..... # #...##.#
#..... # ####..>##.#######..... #
#.....#..............# #
#....@#..............# #
#....B#..............#
#.....#..............#
############.....#..............#
.................#..............#
............###.##..............#
............# #.##..............#
............###.##..............#
................####.############
............######....#
............# #....#


You could see a boulder beetle.

Vanquished Creatures
  Frances (D:12)
  Erolcha (D:11)
  A hydra (D:8)
  2 boulder beetles
  Erica (D:8)
  2 two-headed ogres
  2 deep elf magi (D:12)
  Joseph (D:8)
  A manticore (D:11)
  Maurice (D:8)
  Maggie (D:8)
  2 trolls
  A slime creature (D:8)
  A yak (D:8)
  A wyvern (D:12)
  The ghost of corevian the Caller, an amateur MfSu (D:8)
  A water moccasin (D:11)
  An ice beast (D:12)
  A necrophage (D:10)
  2 sky beasts
  2 black bears
  2 orc warriors
  An eye of draining (D:8)
  4 phantoms
  3 centaurs
  6 ogres
  2 big kobolds (D:8)
  A gnoll sergeant (D:6)
  7 bullfrogs
  5 scorpions
  8 killer bees (D:10)
  3 wights (D:9)
  2 howler monkeys
  4 jellies
  A crimson imp (D:3)
  A bullfrog zombie (D:7)
  A quasit (D:9)
  3 bullfrog skeletons
  2 centaur skeletons (D:7)
  6 hounds
  4 orc priests
  6 iguanas
  4 orc wizards
  Crazy Yiuf (D:4)
  8 worker ants
  A hound zombie (D:5)
  A hound skeleton (D:9)
  A worker ant zombie (D:7)
  11 gnolls (D:6)
  14 adders
  2 shadow imps
  3 white imps
  5 ufetubi
  An adder zombie (D:6)
  4 oozes
  2 adder skeletons
  4 worms
  A dart slug (D:1)
  6 leopard geckos
  34 orcs
  5 giant cockroaches
  13 goblins
  15 hobgoblins
  25 jackals
  25 kobolds
  11 quokkas
  11 bats
  6 frilled lizards
  10 rats
323 creatures vanquished.

Vanquished Creatures (others)
  An orc (D:8)
  3 fungi (D:4)
  25 plants
29 creatures vanquished.

Grand Total: 352 creatures vanquished

Notes
Turn   | Place    | Note
-------+----------+-------------------------------------------
     0 | D:1      | om the Troll Monk began the quest for the Orb.
     0 | D:1      | Reached XP level 1. HP: 22/22 MP: 0/0
   116 | D:1      | Reached XP level 2. HP: 29/29 MP: 1/1
   342 | D:1      | Reached XP level 3. HP: 36/36 MP: 2/2
   948 | D:2      | Reached XP level 4. HP: 44/44 MP: 3/3
  1603 | D:3      | Found an opulent altar of Gozag.
  1646 | D:3      | Became a worshipper of Gozag Ym Sagoz the Greedy
  1732 | D:3      | Found a shadowy altar of Dithmenos.
  1751 | D:3      | Found a hazy altar of Hepliaklqana.
  1998 | D:3      | Noticed an orc warrior
  2151 | D:3      | Reached XP level 5. HP: 52/53 MP: 4/4
  2277 | D:3      | Killed an orc warrior
  2277 | D:3      | Reached XP level 6. HP: 61/61 MP: 5/5
  2368 | D:3      | Found a burning altar of Makhleb.
  2368 | D:3      | Found a shimmering altar of Xom.
  2653 | D:4      | Reached skill level 5 in Unarmed Combat
  2979 | D:4      | Reached XP level 7. HP: 43/68 MP: 6/6
  3441 | D:4      | Found a runed translucent door.
  3442 | D:4      | Noticed Crazy Yiuf
  3448 | D:4      | Killed Crazy Yiuf
  3479 | D:5      | Entered Level 5 of the Dungeon
  3528 | D:5      | Found an ornate altar of the Wu Jian Council.
  3544 | D:5      | Reached skill level 1 in Throwing
  3673 | D:5      | Reached XP level 8. HP: 74/79 MP: 7/7
  4024 | D:5      | Found a staircase to the Ecumenical Temple.
  4345 | D:5      | Found a broken altar of Ashenzari.
  4451 | D:6      | Reached skill level 1 in Shields
  4853 | D:6      | Reached skill level 5 in Fighting
  4870 | D:6      | Found a basalt altar of Yredelemnul.
  4870 | D:6      | Found a sparkling altar of Nemelex Xobeh.
  4875 | D:6      | Found a shimmering blue altar of Sif Muna.
  4877 | D:6      | Found a faded altar of an unknown god.
  4879 | D:6      | Found a faded altar of an unknown god.
  5263 | D:7      | Reached skill level 5 in Dodging
  5301 | D:7      | Got a polished whip
  5439 | D:7      | Identified the +6 whip "Worm's Wrath" {flame, Int+4 Dex+4
                  | Stlth+} (You found it on level 7 of the Dungeon)
  5465 | D:7      | Reached skill level 1 in Maces & Flails
  5551 | D:7      | Found a transporter.
  5557 | D:7      | Noticed frankcastle's ghost (novice FoFi)
  5558 | D:7      | Identified the +8 dire flail of the Traitor {flame, Str+4
                  | Int+7 Stlth-}
  5558 | D:7      | Noticed a two-headed ogre
  5579 | D:7      | Found a transporter.
  5620 | D:7      | Reached XP level 9. HP: 83/88 MP: 8/8
  5690 | D:7      | Found a radiant altar of Vehumet.
  5902 | D:7      | Reached skill level 2 in Maces & Flails
  6393 | D:8      | Noticed Erica
  6397 | D:8      | Killed Erica
  6397 | D:8      | Reached skill level 4 in Maces & Flails
  6397 | D:8      | Reached skill level 5 in Throwing
  6477 | D:8      | Found a runed translucent gate.
  6478 | D:8      | Found a runed translucent gate.
  6478 | D:8      | Noticed a nine-headed hydra
  6478 | D:8      | Noticed corevian's ghost (amateur MfSu)
  6479 | D:8      | Found a runed translucent gate.
  6785 | D:8      | Noticed a +0 dagger
  6786 | D:8      | Found a hide-covered altar of Uskayaw.
  6786 | D:8      | Noticed a -3 dagger
  6786 | D:8      | Noticed Maggie
  7107 | D:8      | Killed Maggie
  7107 | D:8      | Reached skill level 5 in Maces & Flails
  7219 | D:8      | Noticed Maurice
  7226 | D:8      | Paralysed by something for 2 turns
  7233 | D:8      | Paralysed by something for 6 turns
  7242 | D:8      | Paralysed by something for 2 turns
  7290 | D:8      | Noticed Joseph
  7300 | D:8      | Killed Joseph
  7386 | D:8      | Reached XP level 10. HP: 86/96 MP: 9/9
  7447 | D:8      | Reached skill level 5 in Shields
  7471 | D:8      | Reached skill level 6 in Maces & Flails
  7822 | D:8      | Found a hide-covered altar of Uskayaw.
  7878 | D:8      | Found a runed translucent gate.
  7878 | D:8      | Found a runed translucent gate.
  7879 | D:8      | Found a runed translucent gate.
  8353 | D:8      | Killed Maurice
  8673 | D:8      | Killed a nine-headed hydra
  8673 | D:8      | Reached skill level 7 in Maces & Flails
  8680 | D:8      | Killed corevian's ghost
  8912 | D:9      | Found an iron altar of Okawaru.
  9169 | D:9      | Reached skill level 8 in Maces & Flails
  9256 | D:9      | Bought a potion of heal wounds for 65 gold pieces
  9256 | D:9      | Bought a potion of might for 52 gold pieces
  9256 | D:9      | Bought a potion of haste for 130 gold pieces
  9351 | D:9      | Found a staircase to the Lair.
  9916 | D:10     | Entered Level 10 of the Dungeon
 10076 | D:10     | Reached skill level 1 in Armour
 10088 | D:10     | Reached skill level 9 in Maces & Flails
 10170 | D:10     | Noticed a two-headed ogre
 10275 | D:9      | Killed a two-headed ogre
 10275 | D:9      | Reached XP level 11. HP: 54/102 MP: 10/10
 10569 | D:10     | Found Maonol Duymo's Distillery.
 10578 | D:10     | Bought a potion of heal wounds for 50 gold pieces
 10578 | D:10     | Bought a potion of lignification for 30 gold pieces
 10578 | D:10     | Bought a potion of lignification for 30 gold pieces
 10578 | D:10     | Bought a potion of curing for 30 gold pieces
 10578 | D:10     | Bought a potion of curing for 30 gold pieces
 10580 | D:10     | Found a burning altar of Makhleb.
 10758 | D:11     | Noticed Erolcha
 10777 | D:11     | Killed Erolcha
 10777 | D:11     | Reached skill level 10 in Maces & Flails
 10938 | D:11     | Noticed a boulder beetle
 10966 | D:11     | Killed a boulder beetle
 10966 | D:11     | Reached skill level 1 in Evocations
 11083 | D:11     | Found Hoyfumy's Antique Weapon Boutique.
 11201 | D:11     | Noticed a two-headed ogre
 11213 | D:11     | Killed a two-headed ogre
 11451 | D:11     | Reached skill level 11 in Maces & Flails
 11850 | D:12     | Noticed a boulder beetle
 11864 | D:12     | Killed a boulder beetle
 11875 | D:12     | Noticed a deep elf mage
 11875 | D:12     | Noticed a deep elf mage
 11885 | D:12     | Killed a deep elf mage
 11906 | D:12     | Killed a deep elf mage
 11966 | D:12     | Got a warped lead ring
 11967 | D:12     | Identified the ring "Dyux" {+Fly Str+3} (You found it on
                  | level 12 of the Dungeon)
 12015 | D:12     | Found a staircase to the Orcish Mines.
 12073 | D:12     | Noticed Frances
 12113 | D:12     | Killed Frances
 12113 | D:12     | Reached skill level 5 in Armour
 12117 | D:12     | Reached skill level 12 in Maces & Flails
 12132 | D:12     | Noticed a boulder beetle
 12180 | D:11     | Slain by a boulder beetle

Illustrated notes

Levels and vault maps discovered:
D:1:      evilmike_arrival_rings, layout_loops_ring
D:2:      minmay_recursive_quarters, layout_basic, kennysheep_minor_cross,
          kennysheep_potato
D:3:      layout_basic, grunt_temple_overflow_champion_of_chaos,
          nicolae_dithmenos_shadow_blocks, lemuel_crystal_altar,
          lemuel_doored_altar
D:4:      layout_rooms, corexii_item_surrounded_by_moat,
          minmay_manual_monstrance, uniq_crazy_yiuf_cottage
D:5:      layout_loops_ring, old_standard_altar, kennysheep_mini,
          minmay_temple_entry_tees
D:6:      corexii_shantytown, layout_rooms, chequers_temple_overflow_minitemple,
          kennysheep_another_room
D:7:      layout_layer_cave, vehumet_altar_wand_db, gammafunk_ghost_smash,
          kennysheep_boxes
D:8:      minmay_the_grid_four_pointed_star
          [minmay_the_grid_triangle_9x9_limited_checkers,
          minmay_the_grid_triangle_9x9_longest,
          minmay_the_grid_triangle_9x9_thin_v,
          minmay_the_grid_triangle_9x9_swiss_cheese,
          minmay_the_grid_prize_shrinking_boxes], layout_loops_corners,
          dancing_weapons_uskayaw, gammafunk_ghost_hydra_chop,
          chequers_serial_rivers_marsh, uniq_maurice, uniq_maggie, uniq_joseph,
          uniq_erica
D:9:      layout_basic, nicolae_overflow_crystal_walls, lair_entry_dummy
D:10:     layout_cave_pools, serial_shops, shop, bloody_makhleb
D:11:     layout_basic, serial_shops, shop, uniq_erolcha
D:12:     layout_loops_cross, serial_bayou_pond_c, billiards_dpeg, uniq_frances

Skill      XL: |  1  2  3  4  5  6  7  8  9 10 11 |
---------------+----------------------------------+-----
Unarmed Combat | 4 5 6 |  6.0
Dodging        | 3 4 5 6 |  6.6
Fighting       | 3 4 5 |  5.1
Stealth        | 2 |  2.0
Throwing       | 2 4 6 |  6.0
Shields        | 3 4 6 |  6.0
Maces & Flails | 1 5 9 12 | 12.0
Armour         | 2 5 |  5.4
Evocations     | 3 |  3.5

Action                   |  1- 3 |  4- 6 |  7- 9 | 10-12 || total
-------------------------+-------+-------+-------+-------++-------
Melee: Unarmed           |   104 |   180 |   404 |    51 ||   739
       Punch             |     1 |     7 |     3 |       ||    11
       Whip              |       |       |    23 |   405 ||   428
Throw: Boomerang         |       |       |     4 |     8 ||    12
Invok: Call Merchant     |       |       |       |     1 ||     1
Evoke: Wand              |       |       |     5 |     9 ||    14
  Use: Scroll            |       |     9 |     7 |     5 ||    21
       Potion            |       |     1 |       |     7 ||     8
 Stab: Sleeping          |     6 |     3 |    16 |    11 ||    36
       Distracted        |       |     2 |     1 |     5 ||     8
       Paralysed         |       |       |       |    14 ||    14
Armor: Robe              |    40 |    40 |   118 |    27 ||   225
       Skin              |       |     3 |       |       ||     3
       Steam dragon scal |       |       |       |    49 ||    49
Dodge: Dodged            |    61 |    96 |   171 |   160 ||   488
Block: Kite shield       |       |       |   150 |   203 ||   353

Table legend: (Time is in decaauts)
 A = Elapsed time spent in this place.
 B = Non-inter-level travel time spent in this place.
 C = Inter-level travel time spent in this place.
 D = Time resting spent in this place.
 E = Time spent auto-exploring this place.
 F = Levels seen in this place.
 G = Mean time per level.
                   A        B        C        D        E       F      G
               +--------+--------+--------+--------+--------+-----+--------+
         Total |  12023 |  11239 |    784 |   1120 |   7404 |  12 | 1001.9 |
       Dungeon |  12023 |  11239 |    784 |   1120 |   7404 |  12 | 1001.9 |
               +--------+--------+--------+--------+--------+-----+--------+

Top non-repeatable levels by time:
     D:8: 2518 daAuts
     D:9: 1325 daAuts
     D:3: 1170 daAuts
     D:7: 1138 daAuts
    D:11: 1028 daAuts
     D:4: 846 daAuts
     D:1: 826 daAuts
     D:6: 821 daAuts
     D:2: 801 daAuts
     D:5: 730 daAuts
    D:10: 480 daAuts
    D:12: 335 daAuts
